Map: Deathaura LE

Players

Nice - Winner!

  • Race: Protoss Protoss
  • League: Master
  • Spawn Location: 5:00

Rex

  • Race: Zerg Zerg
  • League: Master
  • Spawn Location: 11:00

Event: DreamHack SC2 Masters 2020 Winter

VOD

Have the link to the VOD?

Description

Time

  • Played on: Oct. 24, 2020, 9:51 a.m.
  • Length: 18:57

All games in this series

Show
View Real Time Build Order
Export as new Build Order

Nice Protoss - Winner!

Build Orders: 1 Gate Expand, Oracle Opening, Carriers, Zealot Archon 

Get SALT Encoding   

  12  0:00  Probe  
  13  0:12  Probe  
  14  0:19  Pylon  
  14  0:24  Probe  
  15  0:37  Gateway  
  15  0:40  Probe (Chrono Boost)  
  17  0:50  Probe (Chrono Boost)  
  17  0:51  Assimilator  
  17  0:55  Probe (Chrono Boost)  
  18  1:07  Probe  
  19  1:19  Probe  
  20  1:27  Nexus  
  20  1:37  Cybernetics Core  
  20  1:43  Assimilator  
  20  1:46  Probe  
  21  1:53  Pylon  
  21  1:58  Probe  
  22  2:10  Probe (Chrono Boost)  
  22  2:11  Adept (Chrono Boost)  
  25  2:22  Probe (Chrono Boost)  
  26  2:24  Stargate  
  26  2:27  Probe (Chrono Boost)  
  27  2:33  Adept  
  30  2:39  Probe (Chrono Boost)  
  30  2:42  Probe (Chrono Boost)  
  31  2:45  Warp Gate  
  33  2:51  Probe (Chrono Boost)  
  33  2:52  Probe (Chrono Boost)  
  33  2:56  Gateway  
  33  2:58  Void Ray (Chrono Boost)  
  33  3:00  Probe  
  35  3:09  Probe  
  39  3:13  Probe  
  40  3:20  Pylon  
  40  3:21  Probe  
  40  3:25  Probe  
  42  3:32  Oracle (Chrono Boost)  
  42  3:33  Probe  
  42  3:37  Probe  
  46  3:45  Probe  
  47  3:49  Probe  
  47  3:52  Pylon  
  48  3:57  Probe  
  48  4:01  Nexus, Probe  
  50  4:05  Void Ray  
  50  4:09  Probe (Chrono Boost)  
  51  4:16  Probe (Chrono Boost)  
  56  4:18  Pylon  
  56  4:20  Pylon  
  56  4:21  Probe (Chrono Boost)  
  57  4:27  Assimilator x2  
  57  4:29  Probe x2 (Chrono Boost)  
  59  4:35  Probe  
  59  4:37  Probe  
  61  4:39  Pylon  
  61  4:42  Void Ray  
  61  4:48  Probe  
  61  4:50  Probe (Chrono Boost)  
  67  5:00  Pylon, Stargate, Probe (Chrono Boost)  
  67  5:06  Pylon  
  69  5:08  Probe (Chrono Boost)  
  69  5:09  Probe (Chrono Boost)  
  69  5:11  Stargate  
  71  5:14  Probe x2 (Chrono Boost)  
  71  5:17  Probe (Chrono Boost)  
  73  5:26  Probe x2 (Chrono Boost)  
  73  5:28  Shield Battery  
  76  5:29  Sentry  
  76  5:30  Probe (Chrono Boost), Sentry  
  76  5:31  Probe x2 (Chrono Boost)  
  76  5:35  Void Ray  
  82  5:38  Assimilator, Probe  
  82  5:40  Assimilator, Probe x2  
  89  5:49  Pylon  
  89  5:50  Probe  
  89  5:52  Probe x2  
  89  5:56  Void Ray  
  92  6:01  Void Ray  
  92  6:02  Probe  
  97  6:09  Shield Battery  
  97  6:10  Pylon  
  101  6:12  Forge  
  101  6:15  Gateway  
  101  6:16  Gateway  
  101  6:17  Void Ray  
  105  6:30  Twilight Council  
  105  6:32  Robotics Facility  
  105  6:35  Void Ray  
  105  6:44  Pylon, Protoss Ground Weapons Level 1 (Chrono Boost)  
  105  6:45  Charge (Chrono Boost)  
  105  6:46  Pylon  
  109  6:49  Gateway  
  109  6:51  Gateway  
  109  6:52  Gateway, Zealot, Sentry  
  113  6:54  Gateway  
  113  6:56  Photon Cannon, Gateway  
  113  7:12  Probe  
  113  7:13  Templar Archives  
  114  7:20  Zealot x3  
  120  7:24  Nexus  
  120  7:30  Probe x2  
  120  7:31  Probe  
  120  7:32  Pylon  
  120  7:35  Pylon  
  120  7:36  Observer (Chrono Boost)  
  124  7:39  Assimilator  
  124  7:42  Probe x2  
  124  7:43  Assimilator, Probe  
  127  7:45  Photon Cannon  
  127  7:50  High Templar  
  127  7:51  High Templar  
  131  7:56  Archon, Shield Battery  
  131  7:57  Photon Cannon  
  131  7:58  High Templar x2  
  131  7:59  Psionic Storm, Zealot x5  
  131  8:05  Archon  
  145  8:11  Probe x3  
  148  8:14  Warp Prism  
  150  8:20  Photon Cannon  
  150  8:21  Pylon  
  150  8:31  High Templar x3  
  156  8:35  Zealot x5  
  166  8:46  Protoss Ground Weapons Level 2 (Chrono Boost)  
  166  8:56  High Templar x2  
  164  9:19  Zealot x7  
  178  9:26  Immortal (Chrono Boost)  
  182  9:40  High Templar  
  182  9:41  High Templar x2  
  182  9:43  Pylon  
  182  9:45  Archon, Pylon  
  178  9:51  Fleet Beacon  
  178  9:52  Pylon  
  170  9:53  Pylon  
  170  9:55  Zealot x3  
  170  9:56  Zealot x3  
  148  10:04  Probe x2  
  148  10:05  Probe x2  
  124  10:07  Zealot x5  
  124  10:08  Zealot  
  111  10:16  Probe  
  111  10:17  Probe x3  
  101  10:29  Probe x4 (Chrono Boost)  
  101  10:30  High Templar x4  
  101  10:31  High Templar  
  101  10:32  High Templar x2  
  101  10:33  High Templar  
  119  10:41  Probe x3 (Chrono Boost)  
  119  10:42  Probe (Chrono Boost)  
  123  10:43  Archon  
  123  10:45  Photon Cannon  
  123  10:47  Photon Cannon  
  123  10:48  Pylon  
  123  10:49  Probe x3 (Chrono Boost)  
  127  10:50  Probe (Chrono Boost)  
  127  10:51  Zealot  
  127  10:55  Probe x4  
  127  10:56  Carrier (Chrono Boost)  
  141  11:06  Carrier (Chrono Boost)  
  141  11:07  Carrier (Chrono Boost), Probe x4  
  149  11:19  Probe x2  
  144  11:40  Zealot x8  
  144  11:41  Zealot  
  154  11:50  Carrier (Chrono Boost)  
  154  11:53  Probe  
  173  12:02  Carrier (Chrono Boost)  
  173  12:03  High Templar x2, Carrier (Chrono Boost)  
  173  12:06  Shield Battery  
  173  12:07  Archon  
  177  12:14  Zealot  
  179  12:17  Zealot  
  179  12:20  Pylon  
  179  12:21  Pylon  
  179  12:22  Protoss Air Weapons Level 1  
  177  12:23  Shield Battery  
  177  12:28  Photon Cannon  
  177  12:29  Warp Prism, Protoss Ground Weapons Level 3  
  179  12:35  Photon Cannon  
  179  12:36  Shield Battery  
  185  12:52  Carrier (Chrono Boost)  
  185  12:55  High Templar  
  185  12:56  High Templar x2  
  175  13:00  Photon Cannon  
  175  13:01  Archon  
  175  13:02  Photon Cannon  
  175  13:03  Photon Cannon  
  175  13:10  Zealot  
  169  13:19  High Templar x2  
  169  13:20  Zealot x3  
  169  13:23  Archon  
  155  13:29  Probe x2  
  147  13:43  High Templar x3  
  147  13:44  High Templar, Zealot  
  155  13:49  Archon x2  
  155  13:54  Photon Cannon  
  151  13:56  Photon Cannon, Gateway  
  151  13:57  Gateway  
  151  14:02  Photon Cannon  
  131  14:24  Archon, Zealot, Observer  
  123  14:25  Zealot x6, Carrier x2 (Chrono Boost)  
  130  14:38  Carrier (Chrono Boost)  
  136  14:46  High Templar x3  
  136  14:47  High Templar  
  144  14:54  Zealot x5  
  154  15:16  Protoss Air Weapons Level 2 (Chrono Boost)  
  154  15:19  High Templar x2  
  154  15:20  High Templar  
  160  15:23  Archon  
  160  15:25  Nexus, Zealot x5  
  160  15:26  Pylon, Zealot  
  162  15:48  Photon Cannon  
  162  15:49  Photon Cannon  
  150  15:50  Photon Cannon  
  150  15:51  Shield Battery  
  150  15:53  Pylon, Zealot x6  
  160  16:04  High Templar x2  
  160  16:06  Carrier (Chrono Boost)  
  160  16:10  Archon  
  170  16:21  High Templar x4  
  170  16:23  Zealot x2  
  178  16:26  Archon x2  
  164  16:37  Zealot  
  162  16:41  Void Ray (Chrono Boost)  
  162  16:42  Void Ray (Chrono Boost)  
  162  17:02  Zealot  
  162  17:03  Zealot x8  
  164  17:13  Carrier  
  154  17:22  Assimilator  
  154  17:24  Flux Vanes  
  154  17:25  Assimilator, High Templar  
  154  17:27  High Templar x2  
  160  17:36  Void Ray  
  164  17:44  Void Ray (Chrono Boost)  
  166  18:02  Archon  
  142  18:10  Void Ray x2 (Chrono Boost)  
  136  18:14  Zealot x3  
  136  18:15  Zealot x6  
Show
View Real Time Build Order
Export as new Build Order

Rex Zerg 

Build Orders: Hatch First 

Get SALT Encoding   

  12  0:00  Drone  
  13  0:13  Overlord  
  13  0:18  Drone  
  14  0:31  Drone x2  
  16  0:48  Hatchery  
  15  0:52  Drone  
  15  0:55  Drone  
  17  0:59  Drone  
  18  1:09  Extractor  
  17  1:14  Spawning Pool  
  17  1:18  Drone  
  17  1:22  Drone  
  18  1:29  Drone  
  19  1:40  Drone  
  20  1:50  Overlord  
  20  2:01  Queen x2  
  20  2:02  Zergling x4  
  26  2:10  Metabolic Boost  
  26  2:13  Drone  
  26  2:14  Drone  
  28  2:22  Drone x2  
  30  2:37  Hatchery  
  29  2:45  Queen  
  29  2:47  Drone  
  29  2:49  Drone  
  33  2:54  Overlord  
  33  2:56  Drone  
  34  3:00  Drone  
  34  3:04  Drone  
  36  3:13  Drone  
  36  3:14  Drone x3  
  36  3:16  Drone x2  
  36  3:19  Overlord  
  42  3:25  Queen  
  44  3:36  Overlord  
  44  3:37  Spore Crawler  
  44  3:41  Drone  
  44  3:42  Drone x4  
  44  3:46  Evolution Chamber  
  47  3:51  Spore Crawler  
  47  3:53  Queen  
  48  3:56  Drone  
  48  3:57  Drone x2  
  48  3:58  Drone  
  48  4:00  Spore Crawler  
  51  4:05  Overlord  
  51  4:06  Drone  
  51  4:09  Drone x2  
  54  4:13  Drone x3  
  57  4:20  Zerg Melee Weapons Level 1  
  57  4:23  Baneling Nest  
  57  4:24  Drone x2, Extractor  
  58  4:25  Drone  
  58  4:26  Drone  
  58  4:28  Drone  
  59  4:32  Drone x3  
  59  4:36  Overlord  
  63  4:38  Drone  
  63  4:39  Drone  
  63  4:40  Drone  
  63  4:43  Overlord  
  63  4:44  Overlord  
  65  4:46  Overlord  
  65  4:50  Spore Crawler  
  65  4:52  Spore Crawler  
  64  4:55  Overlord  
  64  4:56  Drone  
  66  5:00  Zergling x6  
  66  5:04  Queen  
  66  5:05  Queen  
  72  5:07  Lair  
  72  5:09  Drone x2  
  72  5:14  Drone  
  75  5:15  Spore Crawler  
  75  5:18  Drone x3  
  75  5:21  Drone x3  
  80  5:23  Drone  
  80  5:25  Drone  
  80  5:27  Drone x3  
  85  5:34  Drone x5  
  90  5:36  Drone  
  90  5:37  Extractor x4  
  90  5:41  Drone x2  
  88  5:48  Overlord  
  88  5:49  Zergling x4  
  90  5:51  Zergling x2  
  90  5:53  Hatchery  
  90  5:54  Drone x2  
  91  6:02  Zergling x8  
  95  6:08  Zergling x2  
  95  6:09  Hydralisk Den, Zergling x8  
  99  6:17  Zerg Melee Weapons Level 2, Centrifical Hooks  
  99  6:23  Zergling x10  
  104  6:28  Spore Crawler  
  104  6:31  Overseer  
  102  6:32  Pneumatized Carapace  
  102  6:34  Drone  
  103  6:40  Grooved Spines  
  103  6:43  Hatchery  
  103  6:46  Hydralisk x3  
  108  6:48  Hydralisk  
  108  6:50  Overlord  
  108  6:51  Drone x4  
  108  6:53  Overlord  
  108  6:54  Overlord x2  
  114  6:58  Overlord  
  114  7:02  Overlord  
  114  7:04  Hydralisk  
  114  7:10  Spore Crawler  
  114  7:13  Hydralisk x7  
  114  7:15  Drone  
  128  7:23  Drone x2  
  128  7:27  Overlord  
  128  7:28  Hydralisk x4  
  137  7:33  Hydralisk x2  
  141  7:37  Overlord x2  
  141  7:43  Hydralisk x3  
  147  7:46  Hydralisk  
  147  7:50  Overlord x2  
  147  7:51  Evolution Chamber  
  148  7:52  Muscular Augments, Drone  
  148  7:53  Extractor  
  148  7:55  Overlord  
  148  7:59  Hydralisk x4  
  154  8:12  Hydralisk x5  
  164  8:16  Zergling x10  
  169  8:23  Zergling x2  
  169  8:24  Zergling x4  
  171  8:29  Baneling x12  
  169  8:34  Hydralisk  
  169  8:35  Zergling x14  
  169  8:36  Zergling x2  
  178  8:51  Zergling x14  
  185  8:57  Baneling x4  
  185  9:02  Zerg Missile Weapons Level 1  
  184  9:03  Zerg Ground Armor Level 1  
  184  9:07  Zergling x10  
  184  9:08  Zergling x16  
  193  9:16  Zergling x6  
  188  9:18  Baneling x21  
  188  9:20  Drone  
  188  9:23  Baneling x3  
  188  9:24  Baneling  
  189  9:27  Zergling x6  
  188  9:41  Zergling x2  
  188  9:42  Zergling x22  
  181  9:56  Hydralisk  
  181  9:57  Zergling x2  
  181  9:58  Drone x5  
  169  10:03  Zergling x16  
  144  10:19  Drone x5  
  144  10:20  Drone x4  
  147  10:23  Drone  
  147  10:25  Drone  
  147  10:26  Drone  
  148  10:28  Baneling x7  
  148  10:29  Baneling x9  
  148  10:33  Drone x6  
  153  10:50  Zergling x12  
  153  10:51  Hatchery  
  153  10:52  Zergling x4  
  153  10:55  Zergling x6  
  157  10:58  Zergling x2  
  157  11:02  Zerg Missile Weapons Level 2  
  157  11:03  Zergling x12  
  163  11:08  Zergling x2  
  163  11:09  Zergling x2  
  163  11:13  Zergling x2  
  163  11:14  Zergling x10  
  170  11:18  Zergling x2  
  170  11:21  Zergling x2  
  170  11:23  Zergling x6  
  170  11:24  Drone, Zergling x2  
  176  11:27  Baneling  
  176  11:28  Baneling x7, Zergling x2  
  176  11:31  Zergling x2  
  176  11:32  Zergling x2  
  168  11:34  Zergling x6  
  168  11:39  Drone x4  
  158  11:53  Hydralisk x6  
  158  11:54  Zergling x8  
  174  11:55  Baneling x12  
  174  11:59  Drone x3  
  177  12:02  Baneling x3  
  177  12:03  Baneling x5  
  177  12:04  Hatchery  
  172  12:35  Hatchery  
  172  12:37  Zergling x30  
  172  12:41  Baneling x15  
  184  12:58  Zergling x22  
  187  13:12  Zergling x18  
  179  13:19  Spire  
  171  13:20  Hydralisk  
  171  13:21  Hydralisk x7  
  165  13:32  Hydralisk x7  
  169  13:43  Zerg Ground Armor Level 2  
  167  13:52  Hydralisk x3  
  167  13:53  Hydralisk x5  
  167  13:54  Zergling x2  
  167  14:11  Hydralisk  
  167  14:12  Hydralisk x5  
  167  14:15  Hydralisk x5  
  176  14:22  Hydralisk x4  
  168  14:27  Hydralisk  
  168  14:28  Hydralisk  
  168  14:30  Hydralisk  
  161  14:35  Hydralisk x2  
  161  14:38  Zergling x10  
  153  14:42  Extractor  
  153  14:44  Zergling x16  
  160  14:47  Zergling x6  
  163  14:53  Zergling x8  
  163  14:56  Queen x2  
  171  15:00  Baneling x3  
  171  15:06  Corruptor x4  
  169  15:10  Zergling x8  
  179  15:20  Drone x4  
  179  15:21  Drone x6  
  187  15:26  Baneling x2  
  187  15:27  Corruptor x3  
  189  15:36  Zerg Flyer Weapons Level 1  
  189  15:40  Extractor  
  189  15:41  Extractor  
  185  15:47  Corruptor x4  
  186  15:55  Baneling x4  
  181  16:00  Zergling x22  
  181  16:02  Zergling x12  
  194  16:04  Zergling x4  
  194  16:06  Zergling x4  
  194  16:09  Zergling x2  
  193  16:11  Zergling x6  
  193  16:18  Zergling x2  
  186  16:23  Zergling x10  
  182  16:31  Zergling x10  
  182  16:32  Zergling x2  
  164  16:35  Hydralisk x3  
  164  16:37  Hydralisk  
  172  16:41  Hydralisk  
  172  16:42  Hydralisk  
  175  16:48  Hydralisk  
  175  16:51  Hydralisk  
  144  17:16  Corruptor x2  
  146  17:23  Baneling x9  
  146  17:27  Zergling x4  
  146  17:28  Hatchery  
  145  17:31  Zergling x2  
  145  17:34  Baneling x3  
  146  17:41  Zergling x2  
  146  17:42  Zergling x6  
  146  17:43  Zergling x2  
  151  17:49  Corruptor  
  148  18:04  Corruptor x2  
  128  18:11  Corruptor  
  113  18:19  Corruptor  
Tags
 
Add a new tag
Caveats
  • Supply blocks, unpowered buildings, or Contaminate may cause inaccurate times.
  • Supply counts are checked every 10 seconds.